[Event "Titled Tuesday Blitz December 06 Early 2022"]
[White "Yeletsky, Ivan"]
[Black "Ismayil, Malak"]
[WhiteFideId "24180327"]
[BlackFideId "13412604"]
[WhiteElo "2391"]
[BlackElo "1880"]
[Result "1-0"]
[Round "03"]
[TimeControl "180+1"]
[Date "2022.12.07"]
[WhiteClock "0:01:07"]
[BlackClock "0:00:10"]

1. e4 e5 2. Nf3 Nc6 3. Nc3 Nf6 4. Bb5 d6 5. d4 exd4 6. Qxd4 Bd7 7. Bxc6 Bxc6 8. Bg5 Be7 9. O-O-O h6 10. Bh4 O-O 11. Rhe1 Nd7 12. Bxe7 Qxe7 13. Qe3 a6 14. Nd4 Nc5 15. f3 Bd7 16. Nd5 Qd8 17. g4 b5 18. h4 c6 19. Nf4 Qxh4 20. Rh1 Qf6 21. Nh5 Qe7 22. Nf5 Bxf5 23. gxf5 Qg5 24. f4 Qe7 25. Nxg7 f6 26. Rdg1 Kf7 27. Rxh6 Rg8 28. Rh7 Kf8 29. Ne6+ Nxe6 30. Rxg8+ Kxg8 31. Rxe7 1-0


[Site "https://www.chess.com"]

[Event "Titled Tuesday Blitz December 06 Early 2022"]
[White "Yeremyan, Alen"]
[Black "Chigaev, Maksim"]
[WhiteFideId "13308998"]
[BlackFideId "4108116"]
[WhiteElo "2159"]
[BlackElo "2542"]
[Result "1/2-1/2"]
[Round "03"]
[TimeControl "180+1"]
[Date "2022.12.06"]
[WhiteClock "0:00:34"]
[BlackClock "0:00:07"]

1. e4 c5 2. Nc3 Nc6 3. Bb5 Nd4 4. Bc4 e6 5. Nge2 a6 6. a4 Nc6 7. O-O Nf6 8. d4 cxd4 9. Nxd4 Qc7 10. Nxc6 bxc6 11. Bd3 d5 12. Qe2 Be7 13. b3 O-O 14. Bb2 d4 15. Nb1 e5 16. Nd2 a5 17. Nc4 Be6 18. Bc1 Nd7 19. f4 Bxc4 20. Bxc4 exf4 21. Bxf4 Bd6 22. Bxd6 Qxd6 23. Rf5 Ne5 24. Raf1 Ra7 25. Qd2 Kh8 26. Bd3 f6 27. h3 c5 28. Qf4 Raa8 29. Rh5 g6 30. Rh6 Nf7 31. Qxd6 Nxd6 32. Rh4 Kg7 33. Rhf4 Rae8 34. g4 Re5 35. Kg2 h6 36. Re1 Rfe8 37. Kh2 Rf8 38. Rf2 Nf7 39. Ref1 Ng5 40. Rf4 Ne6 41. R4f2 h5 42. Rg1 hxg4 43. Rxg4 Rh8 44. Rfg2 g5 45. Bc4 Kf8 46. Bxe6 Rxe6 47. Rf2 Ke7 48. Rf5 Rc8 49. Kg3 c4 50. bxc4 Rxc4 51. Rxa5 Rc3+ 52. Kf2 Rxc2+ 53. Ke1 Rc3 54. h4 Re3+ 55. Kd2 R6xe4 56. Rxe4+ Rxe4 57. hxg5 fxg5 58. Rxg5 Kd6 59. Kd3 Rh4 60. a5 Kc7 1/2-1/2


[Site "https://www.chess.com"]

[Event "Titled Tuesday Blitz December 06 Early 2022"]
[White "Yuan, Qingyu"]
[Black "Lohani, Sujana"]
[WhiteFideId "8609772"]
[BlackFideId "12311987"]
[WhiteElo "2359"]
[BlackElo "1718"]
[Result "1-0"]
[Round "03"]
[TimeControl "180+1"]
[Date "2022.12.07"]
[WhiteClock "0:00:47"]
[BlackClock "0:00:04"]

1. e4 g6 2. d4 Bg7 3. Nc3 d6 4. Be3 c6 5. Qd2 b5 6. O-O-O b4 7. Nce2 Qa5 8. Kb1 Be6 9. Nc1 Nd7 10. h4 h5 11. Nh3 Bxh3 12. Rxh3 c5 13. Nb3 Qc7 14. dxc5 dxc5 15. Bb5 O-O-O 16. Ba6+ Kb8 17. Nxc5 Ngf6 18. Qxb4+ Nb6 19. Rhh1 Ng4 20. a3 Nxe3 21. fxe3 Qe5 22. Nd7+ Kc7 23. Nxe5 Bxe5 24. Qxe7+ 1-0


[Site "https://www.chess.com"]

[Event "Titled Tuesday Blitz December 06 Early 2022"]
[White "Zaichenko, Daria"]
[Black "Xie, Bryan"]
[WhiteFideId "4197453"]
[BlackFideId "30941296"]
[WhiteElo "2039"]
[BlackElo "2033"]
[Result "0-1"]
[Round "03"]
[TimeControl "180+1"]
[Date "2022.12.07"]
[WhiteClock "0:01:27"]
[BlackClock "0:00:18"]

1. e4 c5 2. Nf3 e6 3. d4 cxd4 4. Nxd4 Nc6 5. c4 Nf6 6. Nc3 Bb4 7. f3 d5 8. cxd5 exd5 9. Nxc6 bxc6 10. exd5 cxd5 11. Bb5+ Bd7 12. Qe2+ Kf8 13. Bxd7 d4 14. O-O dxc3 15. Bc6 Qb6+ 16. Be3 Qxc6 17. bxc3 Bc5 18. Kh1 Re8 19. Bxc5+ Qxc5 20. Qd3 g6 21. Rab1 Kg7 22. Rb5 Re3 23. Rxc5 Rxd3 24. h3 Re8 25. Rc7 Re2 26. Rxa7 Rdd2 27. Rg1 Nh5 28. a4 Nf4 29. Kh2 Rxg2+ 30. Rxg2 Rxg2+ 31. Kh1 Ra2 32. a5 Nxh3 33. a6 h5 34. Ra8 g5 35. c4 g4 36. fxg4 hxg4 37. c5 g3 38. c6 Rh2# 0-1


[Site "https://www.chess.com"]

[Event "Titled Tuesday Blitz December 06 Early 2022"]
[White "Zaragatski, Ilja"]
[Black "Shapiro, Daniel"]
[WhiteFideId "4655192"]
[BlackFideId "2001780"]
[WhiteElo "2460"]
[BlackElo "2305"]
[Result "1-0"]
[Round "03"]
[TimeControl "180+1"]
[Date "2022.12.07"]
[WhiteClock "0:01:01"]
[BlackClock "0:00:01"]

1. e4 e5 2. Nf3 Nc6 3. Bb5 a6 4. Ba4 Nf6 5. O-O Be7 6. Re1 b5 7. Bb3 d6 8. c3 O-O 9. h3 Na5 10. Bc2 c5 11. d4 Nd7 12. d5 Nb6 13. b3 c4 14. b4 Nb7 15. a4 a5 16. axb5 axb4 17. Rxa8 Nxa8 18. cxb4 Bd7 19. Nc3 Nc7 20. Qe2 Nxb5 21. Qxc4 Qb6 22. Be3 Qa6 23. Nxb5 Bxb5 24. Qb3 Rc8 25. Nd2 Ra8 26. Qb2 g6 27. Nb3 Qa2 28. Rb1 Bc4 29. Nd2 Qxb2 30. Rxb2 Bb5 31. Nb1 Ra1 32. Kh2 Nd8 33. Nc3 Bd7 34. b5 Bc8 35. b6 Bb7 36. Ba4 f5 37. f3 1-0


[Site "https://www.chess.com"]

[Event "Titled Tuesday Blitz December 06 Early 2022"]
[White "Zemlyanskii, Ivan"]
[Black "Martinez Alcantara, Jose Eduardo"]
[WhiteFideId "24249971"]
[BlackFideId "3805662"]
[WhiteElo "2107"]
[BlackElo "2707"]
[Result "1-0"]
[Round "03"]
[TimeControl "180+1"]
[Date "2022.12.06"]
[WhiteClock "0:00:12"]
[BlackClock "0:00:08"]

1. d4 Nf6 2. c4 e6 3. Nf3 d5 4. g3 Bb4+ 5. Bd2 Be7 6. Bg2 O-O 7. O-O c6 8. Qc2 Nbd7 9. Bf4 Nh5 10. Bc1 Nhf6 11. Nbd2 b6 12. e4 Bb7 13. e5 Ne8 14. cxd5 cxd5 15. Re1 Rc8 16. Qd1 Ba6 17. Bf1 Bxf1 18. Nxf1 b5 19. h4 Nc7 20. Bg5 h6 21. Bxe7 Qxe7 22. Ne3 Rfd8 23. Qd3 a6 24. Rac1 Ne8 25. Kg2 Qb4 26. Rxc8 Rxc8 27. Re2 Rc1 28. Rc2 Rxc2 29. Qxc2 Kf8 30. Qc6 Ke7 31. Qxd5 Qxb2 32. Qb7 Kd8 33. d5 Qa3 34. Qa8+ Ke7 35. d6+ Nxd6 36. exd6+ Qxd6 37. Qg8 g6 38. Qh8 h5 39. Qa8 Nc5 40. Qa7+ Nd7 41. Qb7 Kf6 42. Nc2 Nc5 43. Qa8 Kg7 44. Qe8 Qd5 45. Ne3 Qb7 46. Qd8 Nd7 47. Kg1 Nf6 48. Ne5 Qe4 49. Qc7 Qb1+ 50. Kh2 Ng4+ 51. N3xg4 hxg4 52. Qxf7+ Kh6 53. Qf8+ Kh7 54. Nf7 g5 55. Nxg5+ Kg6 56. Qf7+ Kh6 57. Qxe6+ Kh5 58. Qf7+ Kh6 59. Ne6 Qg6 60. Qf4+ Kh5 61. Qe5+ Kh6 62. Nf4 Qf7 63. Qg5+ Kh7 64. Qxg4 Qxa2 65. Qf5+ Kg7 66. Ne6+ Kh8 67. Qf8+ 1-0


[Site "https://www.chess.com"]

[Event "Titled Tuesday Blitz December 06 Early 2022"]
[White "tufferguy"]
[Black "Ibarra Jerez, Jose Carlos"]
[BlackFideId "2226332"]
[WhiteElo "2532"]
[BlackElo "2638"]
[Result "1-0"]
[Round "03"]
[TimeControl "180+1"]
[Date "2022.12.06"]
[WhiteClock "0:00:29"]
[BlackClock "0:00:21"]

1. e4 c5 2. Be2 Nc6 3. d3 d5 4. f4 e6 5. Nf3 Bd6 6. O-O Nge7 7. c3 O-O 8. a4 f6 9. Na3 a6 10. Be3 b6 11. c4 dxe4 12. dxe4 Qc7 13. g3 Bb7 14. Bd3 Rad8 15. e5 fxe5 16. Bxh7+ Kxh7 17. Ng5+ Kg8 18. Qh5 Rf6 19. Qh7+ Kf8 20. fxe5 Rxf1+ 21. Rxf1+ Ke8 22. Nxe6 Qc8 23. Rf8+ Kd7 24. Nxd8 Nxd8 25. exd6 Qc6 26. Rxd8+ Kxd8 27. dxe7+ Kxe7 28. Bg5+ Kd7 29. Qxg7+ Kc8 30. Qf8+ Kd7 31. Qe7+ 1-0


[Site "https://www.chess.com"]

[Event "Titled Tuesday Blitz December 06 Early 2022"]
[White "Abasov, Nijat"]
[Black "Lamaze, Simon"]
[WhiteFideId "13402960"]
[BlackFideId "36069264"]
[WhiteElo "2546"]
[BlackElo "2272"]
[Result "1/2-1/2"]
[Round "04"]
[TimeControl "180+1"]
[Date "2022.12.06"]
[WhiteClock "0:00:06"]
[BlackClock "0:00:18"]

1. d4 Nf6 2. Nf3 g6 3. Bf4 Bg7 4. Qd2 O-O 5. Bh6 Bxh6 6. Qxh6 c5 7. dxc5 Qa5+ 8. Nc3 Qxc5 9. e3 Nc6 10. Bd3 d5 11. O-O Bg4 12. Ng5 Rfd8 13. h3 Be6 14. Nxe6 fxe6 15. Ne2 Ne5 16. Nf4 Qd6 17. Qh4 Nf7 18. Qg3 e5 19. Ne2 Qb6 20. e4 Nd6 21. Nc3 dxe4 22. Be2 Qc5 23. Qe3 Qxe3 24. fxe3 Nf5 25. Kf2 h5 26. g4 hxg4 27. hxg4 Nd6 28. Rad1 g5 29. Kg3 Kg7 30. a4 Rac8 31. Rh1 Rc5 32. Rh2 a6 33. Bf1 b5 34. axb5 axb5 35. Bxb5 Rb8 36. Bf1 Rxb2 37. Na4 Rbxc2 38. Nxc5 Rxc5 39. Ra2 Rc3 40. Re1 Nd5 41. Kf2 Nb4 42. Ra7 Kf6 43. Ra4 Nd3+ 44. Bxd3 exd3 45. e4 Nc4 46. Rd1 Nb2 47. Ra6+ e6 48. Rf1 Nc4 49. Kg2+ Ke7 50. Kf2 Rc2+ 51. Kg3 Ne3 52. Rh1 d2 53. Rh7+ Kf6 54. Rh6+ Kg7 55. Raxe6 d1=Q 56. Rhg6+ Kh7 57. Rh6+ Kg7 58. Rhg6+ Kf7 59. Rgf6+ Kg7 60. Rg6+ 1/2-1/2


[Site "https://www.chess.com"]

[Event "Titled Tuesday Blitz December 06 Early 2022"]
[White "Acor, Corey"]
[Black "Omelja, Artem"]
[WhiteFideId "2024861"]
[BlackFideId "14119846"]
[WhiteElo "2341"]
[BlackElo "2404"]
[Result "1-0"]
[Round "04"]
[TimeControl "180+1"]
[Date "2022.12.07"]
[WhiteClock "0:00:06"]
[BlackClock "0:00:03"]

1. e4 c5 2. Nc3 a6 3. g3 b5 4. Bg2 Bb7 5. d3 e6 6. a3 Nc6 7. f4 d6 8. Nf3 g6 9. Be3 Bg7 10. d4 cxd4 11. Nxd4 Nge7 12. O-O O-O 13. Qd2 Qd7 14. Rad1 Rfd8 15. Nb3 Qe8 16. Bb6 Rd7 17. e5 Nc8 18. Be3 d5 19. g4 N8e7 20. Nc5 Rc7 21. Nxb7 Rxb7 22. b4 Rd8 23. Bc5 Nc8 24. Ne2 Nb6 25. Qe3 Nc4 26. Qh3 Bf8 27. Bxf8 Qxf8 28. Nd4 Nxd4 29. Rxd4 a5 30. c3 axb4 31. axb4 Ra8 32. f5 Nxe5 33. fxe6 Rd8 34. exf7+ Rxf7 35. Bxd5 Rxd5 36. Rxd5 Nf3+ 37. Kh1 Qe7 38. Rd3 Ne5 39. Rxf7 Qxf7 40. Re3 Qd5+ 41. Kg1 Qd1+ 42. Qf1 Qxg4+ 43. Rg3 Qf4 44. Qxf4 Nf7 45. Qe4 Kg7 46. Qd5 Nh6 47. Qxb5 Nf5 48. Qxf5 1-0


[Site "https://www.chess.com"]

[Event "Titled Tuesday Blitz December 06 Early 2022"]
[White "Ahn, Hongjin"]
[Black "Araujo Sanchez, Josue"]
[WhiteFideId "13201492"]
[BlackFideId "6416896"]
[WhiteElo "2182"]
[BlackElo "2370"]
[Result "0-1"]
[Round "04"]
[TimeControl "180+1"]
[Date "2022.12.07"]
[WhiteClock "0:00:02"]
[BlackClock "0:01:45"]

1. c4 g6 2. Nc3 Bg7 3. g3 e5 4. Bg2 Nc6 5. e4 d6 6. d3 Nge7 7. Nge2 O-O 8. O-O a6 9. f4 Rb8 10. b3 b5 11. Bb2 bxc4 12. dxc4 exf4 13. gxf4 Bg4 14. Qd2 Qd7 15. Nd5 Bxe2 16. Qxe2 Nd4 17. Qf2 c5 18. Rad1 Nxd5 19. exd5 Rfe8 20. Rfe1 a5 21. Rxe8+ Rxe8 22. Re1 h5 23. h3 a4 24. Re3 axb3 25. axb3 Rxe3 26. Qxe3 Qb7 27. Kh2 Nxb3 28. Qe8+ Kh7 29. Bxg7 Kxg7 30. f5 gxf5 31. Qd8 Nd4 32. Qg5+ Kh7 33. Qxh5+ Kg8 34. Qg5+ Kh8 35. Qh6+ Kg8 36. Qxd6 Qb2 37. Qxc5 Qf2 38. Qc8+ Kh7 39. Kh1 Ne2 40. Qxf5+ Qxf5 41. Be4 Qxe4+ 42. Kh2 Qf3 0-1


[Site "https://www.chess.com"]

[Event "Titled Tuesday Blitz December 06 Early 2022"]
[White "Albertini, Luca"]
[Black "Estrada Nieto, Julian"]
[WhiteFideId "847038"]
[BlackFideId "5101018"]
[WhiteElo "2207"]
[BlackElo "2195"]
[Result "1/2-1/2"]
[Round "04"]
[TimeControl "180+1"]
[Date "2022.12.07"]
[WhiteClock "0:00:06"]
[BlackClock "0:00:05"]

1. e4 e5 2. Nf3 Nc6 3. Bc4 Bc5 4. b4 Bb6 5. c3 Nf6 6. d3 d6 7. O-O a6 8. Be3 O-O 9. Bxb6 cxb6 10. Nbd2 b5 11. Bb3 Ne7 12. d4 Ng6 13. Re1 Qe7 14. Nf1 Be6 15. Ng3 Qc7 16. Rc1 Rfe8 17. Bxe6 fxe6 18. Qb3 h6 19. dxe5 dxe5 20. c4 Rac8 21. c5 Kh7 22. Red1 Qc6 23. Qe3 Rcd8 24. h3 Rd7 25. Rxd7 Qxd7 26. Rc2 Qd1+ 27. Ne1 Nf4 28. Rd2 Qc1 29. Rd6 Qb2 30. Qd2 Qxd2 31. Rxd2 h5 32. f3 h4 33. Nf1 a5 34. a3 axb4 35. axb4 Ra8 36. Ne3 Ra1 37. Kf2 Rb1 38. N1c2 Rb2 39. Nd1 Rb1 40. Nc3 Rb3 41. Ne2 Nd3+ 42. Kg1 Nxb4 43. Nxb4 Rxb4 44. Rd6 Rb2 45. Kf1 b4 46. Rxe6 b3 47. Rb6 Nh5 48. Rxb7 Ng3+ 49. Nxg3 hxg3 50. c6 Rc2 51. Rxb3 Rxc6 52. Rb5 Rc1+ 53. Ke2 Rc2+ 54. Kf1 Rc1+ 55. Ke2 Rc2+ 56. Kf1 Rc1+ 1/2-1/2


[Site "https://www.chess.com"]

[Event "Titled Tuesday Blitz December 06 Early 2022"]
[White "Aldokhin, Ivan"]
[Black "Galchenko, Matvey"]
[WhiteFideId "24115720"]
[BlackFideId "24175480"]
[WhiteElo "2313"]
[BlackElo "2404"]
[Result "0-1"]
[Round "04"]
[TimeControl "180+1"]
[Date "2022.12.06"]
[WhiteClock "0:00:02"]
[BlackClock "0:00:39"]

1. e4 c5 2. Nf3 g6 3. d3 Bg7 4. g3 Nc6 5. Bg2 e6 6. O-O Nge7 7. Qe2 d6 8. Nbd2 O-O 9. h4 h6 10. a4 b6 11. Nc4 Bb7 12. Bf4 e5 13. Bd2 f5 14. h5 f4 15. gxf4 exf4 16. e5 Nxe5 17. Nfxe5 Bxg2 18. Kxg2 dxe5 19. f3 Nf5 20. Be1 Qg5+ 21. Kh1 Qxh5+ 22. Qh2 Qxh2+ 23. Kxh2 g5 24. Bc3 Rae8 25. Rae1 Re7 26. Re4 Ng3 27. Rfe1 Nxe4 28. dxe4 Rd8 29. Kh3 Kf7 30. b3 h5 31. Rg1 Bf6 32. Na3 Red7 33. Nb5 Rd1 34. Rxd1 Rxd1 35. Nxa7 Rg1 36. Nc8 Rg3+ 37. Kh2 Rxf3 38. Be1 Re3 39. Bf2 Re2 40. Kg1 Bd8 41. Kf1 Rxc2 42. Nd6+ Ke6 43. Nc4 g4 0-1


[Site "https://www.chess.com"]

[Event "Titled Tuesday Blitz December 06 Early 2022"]
[White "Alex_Sahakyan2006"]
[Black "Czopor, Maciej"]
[BlackFideId "21805431"]
[WhiteElo "2392"]
[BlackElo "2324"]
[Result "1-0"]
[Round "04"]
[TimeControl "180+1"]
[Date "2022.12.07"]
[WhiteClock "0:01:33"]
[BlackClock "0:01:10"]

1. e4 g6 2. d4 Bg7 3. Nc3 d6 4. g3 Nf6 5. Bg2 O-O 6. Nge2 c6 7. O-O b5 8. a3 Bb7 9. h3 Qc7 10. Be3 Nbd7 11. g4 e5 12. g5 Nh5 13. d5 a6 14. dxc6 Bxc6 15. Qd2 Nb6 16. Bxb6 Qxb6 17. Nd5 Qa7 18. Rad1 Rad8 19. Bf3 Bd7 20. Kg2 Be6 21. Bxh5 gxh5 22. Ng3 Kh8 23. Nxh5 Rg8 24. Kh2 Bf8 25. Nhf6 Rg6 26. f4 exf4 27. Nxf4 Bc4 28. Nxg6+ hxg6 29. Qf4 1-0


[Site "https://www.chess.com"]

[Event "Titled Tuesday Blitz December 06 Early 2022"]
[White "Andreev, Konstantin"]
[Black "Suduvasachmatai"]
[WhiteFideId "24239305"]
[WhiteElo "2106"]
[BlackElo "1969"]
[Result "1-0"]
[Round "04"]
[TimeControl "180+1"]
[Date "2022.12.07"]
[WhiteClock "0:00:07"]
[BlackClock "0:00:03"]

1. e4 c5 2. Nf3 d6 3. d4 cxd4 4. Nxd4 Nf6 5. Nc3 a6 6. h4 e5 7. Nb3 Nc6 8. f3 Nh5 9. Kf2 Be7 10. g3 O-O 11. f4 Nf6 12. f5 g6 13. g4 gxf5 14. gxf5 Kh8 15. Bg5 Rg8 16. Qf3 Qb6+ 17. Be3 Ng4+ 18. Ke2 Nxe3 19. Qxe3 Nd4+ 20. Kd2 Nxb3+ 21. axb3 Qxe3+ 22. Kxe3 Rg3+ 23. Kf2 Rg4 24. Be2 Rxh4 25. Rhg1 Rf4+ 26. Ke3 Bd7 27. Nd5 Bf8 28. Rh1 Bg7 29. c3 Bc6 30. Nxf4 exf4+ 31. Kxf4 Re8 32. Bd3 Be5+ 33. Kf3 d5 34. Rae1 d4 35. cxd4 Bxd4 36. Re2 b5 37. Reh2 Kg8 38. Rxh7 a5 39. R7h5 Kg7 40. Kf4 Be5+ 41. Kf3 Bf6 42. Rg1+ Kf8 43. Rh6 Bd4 44. Rc1 Bd7 45. Rd6 Bc8 46. Rxd4 a4 47. Ke3 axb3 48. Rb4 Bb7 49. Rxb3 b4 50. Rxb4 Bc8 51. Rd4 Bd7 52. b4 1-0


[Site "https://www.chess.com"]

[Event "Titled Tuesday Blitz December 06 Early 2022"]
[White "Andreikin, Dmitry"]
[Black "Agasarov, Benik"]
[WhiteFideId "4158814"]
[BlackFideId "13314823"]
[WhiteElo "2735"]
[BlackElo "2179"]
[Result "1/2-1/2"]
[Round "04"]
[TimeControl "180+1"]
[Date "2022.12.06"]
[WhiteClock "0:00:08"]
[BlackClock "0:00:04"]

1. d4 Nf6 2. c4 e6 3. Nf3 d5 4. g3 Be7 5. Bg2 O-O 6. O-O dxc4 7. Qc2 a6 8. a4 Bd7 9. Qxc4 Bc6 10. Bf4 Bd6 11. Qc1 a5 12. Nc3 Na6 13. Rd1 Nb4 14. h4 Nbd5 15. Bg5 h6 16. Bxf6 Nxf6 17. e3 Bb4 18. Qc2 Qe7 19. Rac1 Rfd8 20. Nb5 Ra6 21. Qc4 Rb6 22. Ne5 Bxg2 23. Kxg2 c6 24. Nc3 Bd6 25. Nd3 Bb4 26. Rc2 Nd5 27. Ne4 Nf6 28. Nxf6+ Qxf6 29. b3 Qf5 30. Ne5 Qe4+ 31. Kg1 Bd6 32. Nd3 Bb4 33. Rcc1 Ba3 34. Rb1 Qd5 35. Nf4 Qxc4 36. bxc4 Rb4 37. Ra1 Bb2 38. Ra2 Bc3 39. Ne2 Rb3 40. Nxc3 Rxc3 41. Rb1 Rxc4 42. Rxb7 c5 43. Rc7 Rd5 44. Kg2 h5 45. Rb2 Rb4 46. Rxb4 cxb4 47. Rb7 e5 48. dxe5 Rxe5 49. Kf3 Rc5 50. Ke4 Rc2 51. Rb5 Rxf2 52. Rxa5 b3 53. Rxh5 Ra2 54. Rb5 Rxa4+ 55. Kf3 Ra3 56. h5 Kh7 57. g4 g6 58. Kf4 gxh5 59. gxh5 Kh6 60. e4 Ra1 61. Rxb3 Kxh5 62. Rg3 Rf1+ 63. Ke5 Kh6 64. Kd6 Rf6+ 65. Kd5 Rg6 66. Rf3 Kg7 67. e5 Ra6 68. Ke4 Rg6 69. Kf5 Re6 70. Rg3+ Kf8 71. Rd3 Kg7 72. Rd7 Kf8 73. Rd2 Kg7 74. Rd6 Rxd6 75. exd6 Kf8 76. Kf6 Ke8 77. d7+ Kxd7 78. Kxf7 1/2-1/2


[Site "https://www.chess.com"]

[Event "Titled Tuesday Blitz December 06 Early 2022"]
[White "Aravindh, Chithambaram VR."]
[Black "Firouzja, Alireza"]
[WhiteFideId "5072786"]
[BlackFideId "12573981"]
[WhiteElo "2586"]
[BlackElo "2904"]
[Result "1-0"]
[Round "04"]
[TimeControl "180+1"]
[Date "2022.12.06"]
[WhiteClock "0:00:14"]
[BlackClock "0:00:09"]

1. e4 c6 2. d4 d5 3. e5 Bf5 4. h4 h5 5. Bd3 Bxd3 6. Qxd3 e6 7. Bg5 Qa5+ 8. Nd2 Nd7 9. Ne2 Ne7 10. O-O Qb5 11. c4 dxc4 12. Nxc4 Nd5 13. Nc3 Nxc3 14. Qxc3 Nb6 15. b3 Nd5 16. Qg3 c5 17. Rad1 cxd4 18. Rxd4 Bc5 19. Rfd1 Qc6 20. Nd6+ Bxd6 21. exd6 Kd7 22. Bf4 g6 23. Rc4 Qb5 24. Rc7+ Nxc7 25. dxc7+ Kc8 26. Bg5 e5 27. Qc3 b6 28. Rd8+ Kb7 29. c8=Q+ 1-0


[Site "https://www.chess.com"]

[Event "Titled Tuesday Blitz December 06 Early 2022"]
[White "Artemenko, Oleg"]
[Black "Grandelius, Nils"]
[WhiteFideId "14201798"]
[BlackFideId "1710400"]
[WhiteElo "2287"]
[BlackElo "2617"]
[Result "1-0"]
[Round "04"]
[TimeControl "180+1"]
[Date "2022.12.06"]
[WhiteClock "0:00:11"]
[BlackClock "0:00:02"]

1. d4 f5 2. Nc3 Nf6 3. Bg5 d5 4. e3 e6 5. Nf3 Be7 6. Ne5 O-O 7. h4 c5 8. Be2 Nc6 9. Nxc6 bxc6 10. Na4 c4 11. c3 Ne4 12. Bxe7 Qxe7 13. Bf3 Nf6 14. b3 cxb3 15. axb3 a5 16. Be2 Ne4 17. Bd3 e5 18. Bxe4 fxe4 19. Nc5 Qf6 20. Qe2 Qg6 21. g3 Bg4 22. Qd2 exd4 23. cxd4 Rf6 24. Rxa5 Raf8 25. Rh2 Bh5 26. Nd7 Qg4 27. Nxf6+ Rxf6 28. Ra2 h6 29. Qe2 Qf5 30. Qa6 Kh7 31. Rd2 Qg4 32. Qe2 Qg6 33. Qa6 Rf3 34. Rg2 Qe6 35. Kf1 Qh3 36. Kg1 Rf6 37. Ra2 Rg6 38. Qf1 Bf3 39. Rh2 Qg4 40. Qh3 Qh5 41. Qc8 Bg4 42. Qe8 Be6 43. Rg2 Qd1+ 44. Kh2 Rf6 45. Ra8 Qe2 46. h5 Qxh5+ 47. Qxh5 1-0


[Site "https://www.chess.com"]

[Event "Titled Tuesday Blitz December 06 Early 2022"]
[White "Atakhan, Abtin"]
[Black "Valle Maytin, Luis Enrique"]
[WhiteFideId "22502203"]
[BlackFideId "3503666"]
[WhiteElo "2189"]
[BlackElo "2225"]
[Result "1-0"]
[Round "04"]
[TimeControl "180+1"]
[Date "2022.12.07"]
[WhiteClock "0:00:18"]
[BlackClock "0:00:08"]

1. d4 Nf6 2. c4 e6 3. Nf3 d5 4. Nc3 Be7 5. Bg5 O-O 6. e3 c6 7. Rc1 h6 8. Bf4 Nh5 9. Be5 Nf6 10. h3 Nbd7 11. Bh2 a6 12. a3 dxc4 13. Bxc4 b5 14. Bd3 Bb7 15. O-O c5 16. Qe2 Qb6 17. Rfd1 c4 18. Bb1 Rac8 19. e4 Rfe8 20. Qc2 Nf8 21. Ne5 a5 22. Qe2 Ba6 23. a4 b4 24. Nb5 c3 25. bxc3 bxc3 26. Bd3 Bxb5 27. axb5 Bb4 28. Nc6 Ng6 29. Rc2 Red8 30. Rb1 Rxc6 31. bxc6 Qxc6 32. Qe3 Qd7 33. e5 Nd5 34. Qe4 Nde7 35. Bf1 Qxd4 36. Qe1 Nd5 37. Rd1 Qc5 38. Qe4 Qd4 39. Qxd4 Rc8 40. Bd3 Bc5 41. Qa4 Bb4 42. Qd7 Nge7 43. Ra1 g6 44. h4 Kg7 45. h5 Rc7 46. Qb5 Rc8 47. hxg6 fxg6 48. Rxa5 Kf7 49. Ra7 Rc5 50. Qb7 Rc7 51. Qxc7 Nxc7 52. Rxc7 Ke8 53. R7xc3 Bxc3 54. Rxc3 Nd5 55. Rc4 Nb6 56. Rc6 Nd5 57. Rxe6+ Kd7 58. Rd6+ Ke7 59. Rxd5 1-0


[Site "https://www.chess.com"]

[Event "Titled Tuesday Blitz December 06 Early 2022"]
[White "Barria Zuniga, Daniel"]
[Black "Meduri, Aakaash"]
[WhiteFideId "3400816"]
[BlackFideId "2032252"]
[WhiteElo "2414"]
[BlackElo "2113"]
[Result "1-0"]
[Round "04"]
[TimeControl "180+1"]
[Date "2022.12.07"]
[WhiteClock "0:01:10"]
[BlackClock "0:00:09"]

1. d4 d5 2. c4 c6 3. Nf3 Nf6 4. Nc3 e6 5. Bg5 dxc4 6. e4 b5 7. a4 Bb4 8. e5 h6 9. exf6 hxg5 10. fxg7 Rg8 11. g3 Bb7 12. Bg2 Nd7 13. O-O Qb6 14. Ne5 Nxe5 15. dxe5 Rxg7 16. Ne4 Rd8 17. Qh5 Ke7 18. Nxg5 Qd4 19. Ne4 a6 20. Rad1 c5 21. Qh4+ Kd7 22. Rxd4+ cxd4 23. axb5 axb5 24. Qf6 Rdg8 25. Ra1 Be7 26. Qf4 Kc7 27. Ra7 Rb8 28. Nd6 Bxd6 29. exd6+ Kb6 30. Qxd4# 1-0


[Site "https://www.chess.com"]

[Event "Titled Tuesday Blitz December 06 Early 2022"]
[White "Battlecruiser_Operational"]
[Black "Kirillov, Dmitry"]
[BlackFideId "34180572"]
[WhiteElo "2226"]
[BlackElo "2111"]
[Result "1-0"]
[Round "04"]
[TimeControl "180+1"]
[Date "2022.12.07"]
[WhiteClock "0:00:40"]
[BlackClock "0:00:07"]

1. d4 d5 2. c4 e6 3. Nc3 c6 4. e3 f5 5. g4 fxg4 6. Qxg4 Nf6 7. Qg2 Qc7 8. Bd2 Bb4 9. Bd3 O-O 10. Nge2 Kh8 11. O-O-O dxc4 12. Bxc4 b5 13. Bd3 a6 14. Rhg1 Bb7 15. Nf4 Re8 16. Qh3 Bc8 17. Qh4 Nbd7 18. Rg3 Bf8 19. Rdg1 Qd8 20. Ng6+ Kg8 21. Nxf8 Nxf8 22. Rxg7+ Kh8 23. Qxf6 1-0


[Site "https://www.chess.com"]

[Event "Titled Tuesday Blitz December 06 Early 2022"]
[White "Begunov, Konstantin"]
[Black "Levine, David"]
[WhiteFideId "4118510"]
[BlackFideId "2011611"]
[WhiteElo "2141"]
[BlackElo "2182"]
[Result "0-1"]
[Round "04"]
[TimeControl "180+1"]
[Date "2022.12.07"]
[WhiteClock "0:00:16"]
[BlackClock "0:00:01"]

1. d4 d5 2. c4 dxc4 3. Nf3 Nf6 4. Nc3 a6 5. a4 e6 6. e3 c5 7. Bxc4 Be7 8. O-O cxd4 9. Nxd4 O-O 10. Qf3 Nbd7 11. Rd1 Ne5 12. Qe2 Nxc4 13. Nc6 Qc7 14. Nxe7+ Qxe7 15. Qxc4 Bd7 16. Qc7 Rab8 17. e4 Rfc8 18. Qb6 Bc6 19. Bf4 e5 20. Bg5 h6 21. Bxf6 Qxf6 22. Rd3 Rd8 23. Rad1 Rxd3 24. Rxd3 Qf4 25. Qe3 Qxe3 26. fxe3 Kf8 27. Kf2 Ke7 28. a5 Rd8 29. Ke2 Rd6 30. Kd2 Ke6 31. g3 Ke7 32. b4 Rf6 33. Nd5+ Bxd5 34. Rxd5 Rf2+ 35. Kc3 Rxh2 36. Rxe5+ Kd6 37. Rd5+ Ke6 38. b5 Rg2 39. b6 Rxg3 40. Kd4 Rg1 41. Rc5 Ra1 42. Rc7 Ra4+ 43. Kc3 Rxa5 44. Rxb7 Rb5 45. Kc4 h5 46. Rb8 h4 47. b7 h3 48. Re8+ Kf6 0-1


[Site "https://www.chess.com"]

[Event "Titled Tuesday Blitz December 06 Early 2022"]
[White "Bernat, David"]
[Black "Tarnowska, Aleksandra"]
[WhiteFideId "2099225"]
[BlackFideId "1180967"]
[WhiteElo "2351"]
[BlackElo "1776"]
[Result "1-0"]
[Round "04"]
[TimeControl "180+1"]
[Date "2022.12.07"]
[WhiteClock "0:00:14"]
[BlackClock "0:00:02"]

1. c4 e5 2. Nc3 Nf6 3. g3 Bb4 4. Bg2 O-O 5. Nd5 Bc5 6. e3 c6 7. Nxf6+ Qxf6 8. Ne2 d6 9. O-O Bf5 10. d4 exd4 11. exd4 Bb6 12. Be3 Nd7 13. a4 Bc7 14. b4 Nb6 15. Qb3 Qe6 16. Rfc1 Rac8 17. a5 Nd7 18. Nf4 Qe7 19. a6 bxa6 20. Rxa6 c5 21. Nd5 Qd8 22. dxc5 dxc5 23. bxc5 Rb8 24. Qa4 Be5 25. Rxa7 Bb2 26. Rd1 Re8 27. c6 Nb6 28. Bxb6 Qg5 29. Be3 Qg4 30. h3 Qg6 31. c7 Rbd8 32. cxd8=Q Rxd8 33. Ne7+ Kf8 34. Rxd8# 1-0


[Site "https://www.chess.com"]

[Event "Titled Tuesday Blitz December 06 Early 2022"]
[White "Bok, Benjamin"]
[Black "Samaganova, Aleksandra"]
[WhiteFideId "1017063"]
[BlackFideId "13800221"]
[WhiteElo "2658"]
[BlackElo "1864"]
[Result "1-0"]
[Round "04"]
[TimeControl "180+1"]
[Date "2022.12.07"]
[WhiteClock "0:01:54"]
[BlackClock "0:00:20"]

1. d4 Nf6 2. c4 e6 3. Nc3 Bb4 4. Qc2 b6 5. e4 Bxc3+ 6. bxc3 d5 7. cxd5 exd5 8. e5 Nfd7 9. Bd3 h6 10. f4 O-O 11. Ne2 c5 12. O-O Ba6 13. f5 c4 14. Be4 dxe4 15. Qxe4 Nc6 16. Qxc6 Rc8 17. Qe4 Re8 18. Qg4 Nxe5 19. dxe5 Rxe5 20. Bxh6 Qf6 21. Bg5 Qc6 22. Nd4 Qc5 23. Bf6 1-0


[Site "https://www.chess.com"]